 Dungeon Sprint DCSS version 0.17-a0-1738-g82cdc46 (webtiles) character file.

55104 Kidiri the Impregnable (level 14, -8/138 HPs)
             Began as a Minotaur Fighter on Aug 30, 2015.
             Was the Champion of Okawaru.
             Killed by divine providence
             ... invoked by a deep elf high priest
              (11 damage)
             ... in the Dungeon (Sprint VII: "The Pits").
             The game lasted 00:24:59 (5218 turns).

Kidiri the Impregnable (Minotaur Fighter)           Turns: 5218, Time: 00:24:59

Health: -8/138     AC: 35    Str: 28    XL:     14   Next: 37%
Magic:  19/23      EV: 15    Int:  5    God:    Okawaru [******]
Gold:   31         SH: 25    Dex: 19    Spells: 0 memorised, 13 levels left

rFire  + . .     SeeInvis .     w - +2 demon whip (venom)
rCold  + . .     Clarity  .     K - +2 gold dragon armour
rNeg   . . .     SustAt   .     H - +0 large shield
rPois  +         Gourm    .     (helmet restricted)
rElec  .         Spirit   .     x - +0 cloak
rCorr  .         Warding  .     I - +1 pair of gloves of the Demon Prince {Dex+5}
rMut   .         NoTele   +     b - +0 pair of boots {run}
MR     +....                    (no amulet)
Stlth  ..........               t - +3 ring of protection
                                s - +3 ring of dexterity

@: mighty, very slightly contaminated, quick, somewhat resistant to hostile
enchantments, extremely unstealthy
A: retaliatory headbutt, hooves 1, horns 2, camouflage 1, clumsy 1, mutation
resistance 1
a: Heroism, Finesse, Renounce Religion


You were in the Dungeon.
You worshipped Okawaru.
Okawaru was exalted by your worship.
You were not hungry.

You visited 1 branch You collected 31 gold pieces.

Inventory:

Hand weapons
 a - a +4 flail of holy wrath
 k - a +3 demon whip of freezing
 w - a +2 demon whip of venom (weapon)
Armour
 b - a +0 pair of boots of running (worn)
 x - a +0 cloak (worn)
 H - a +0 large shield (worn)
 I - the +1 pair of gloves of the Demon Prince (worn) {Dex+5}
   (Okawaru gifted it to you in the Dungeon)

   It affects your dexterity (+5).
 K - a +2 gold dragon armour (worn)
Jewellery
 s - a +3 ring of dexterity (left hand)
 t - a +3 ring of protection (right hand)
 E - an uncursed ring of positive energy
 J - the ring "Ronioh" {Str+4 Stlth+}
   (You took it off a yellow draconian in the Dungeon)

   [ring of stealth]

   It affects your strength (+4).
   It makes you more stealthy.
Magical devices
 G - a wand of lightning (6)
Scrolls
 l - a scroll of blinking
 p - 5 scrolls of remove curse
 q - 5 scrolls of amnesia
 r - a scroll of summoning
 z - a scroll of recharging
 A - 2 scrolls of enchant armour
 B - 3 scrolls of enchant weapon
 C - a scroll of fear
 D - a scroll of identify
Potions
 d - a potion of might
 f - 7 potions of curing
 h - 3 potions of haste
 i - 4 potions of magic
 j - 10 potions of berserk rage
 o - 2 potions of invisibility
 u - 2 potions of agility
 v - 3 potions of brilliance
 F - a potion of flight
Comestibles
 e - 8 bread rations
 m - 40 fruits
 n - 10 meat rations


   Skills:
 + Level 16.3 Fighting
 * Level 21.4 Maces & Flails
 * Level 21.6 Armour
 + Level 14.7 Dodging
 * Level 21.6 Shields
 + Level 13.6 Invocations


You had 13 spell levels left.
You didn't know any spells.

Dungeon Overview and Level Annotations

Branches:
Dungeon (1/1)

Altars:
Ashenzari
Cheibriados
Dithmenos
Elyvilon
Fedhas
Gozag
Kikubaaqudgha
Makhleb
Nemelex Xobeh
Okawaru
Qazlal
Ru
Sif Muna
Trog
Vehumet
Xom
Yredelemnul
Zin
The Shining One
Beogh
Jiyva
Lugonu


Innate Abilities, Weirdness & Mutations

You reflexively headbutt those who attack you in melee.
You have a pair of horns on your head.
You have large cloven feet.
Your skin changes colour to match your surroundings (Stealth).
You are clumsy. (Dex -2)
You are somewhat resistant to further mutation.


Message History

You headbutt the deep elf high priest!
The deep elf high priest is severely wounded.
The deep elf high priest utters a dark prayer and points at you.
Your life force is offered up.
* * * LOW HITPOINT WARNING * * *
The deep elf high priest is healed.
The yellow draconian is healed.
The deep elf high priest is healed.
You whack the deep elf high priest!
You kill the deep elf high priest!
Okawaru accepts your kill.
Your life force feels restored.
Unknown command.
You hit the yellow draconian but do no damage.
The yellow draconian is heavily wounded.
The yellow draconian spits acid at you. The splash of acid hits you!
The acid burns!
* * * LOW HITPOINT WARNING * * *
The deep elf high priest calls down the wrath of its god upon you.
Something smites you!
You die...

)##..##..........+
#.#..####++####++#
.##..####++####++################
#.#..##......##..................
###..##.#+##.##..................
.....##.#[:+.##..##############++
.....##.+|.#.##.e#))+...+))#.[...
#######.#}}+.##)d#))#...#))#.....
#######.+[|#.##.@####...#######(.
.##..##.##+#.##..#.......))#..(..
.##..##......##..#....).))))(....
.++..##########..#........)#)....
.++..##########(.##+###+##.####..
.##..............#))))#))#.#((###
.##..............#))))#))#.+((#
###############################
########## ##################


You could see a yellow draconian and a deep elf high priest.

Vanquished Creatures
  A profane servitor (D)
  A titan (D)
  A sphinx (D)
  Ilsuiw (D)
  A greater naga (D)
  A deep elf sorcerer (D)
  2 orc warlords (D)
  2 spriggan defenders (D)
  An apis (D)
  A deep elf demonologist (D)
  A yellow draconian (D)
  A dire elephant (D)
  A merfolk javelineer (D)
  A merfolk impaler (D)
  A vault guard (D)
  A blizzard demon (D)
  A yaktaur captain (D)
  Harold (D)
  A deep elf high priest (D)
  2 naga warriors (D)
  An alligator (D)
  A vampire mage (D)
  A dancing weapon (D)
  A catoblepas (D)
  3 hell hogs (D)
  3 deep elf knights (D)
  A shadow wraith (D)
  2 fire crabs (D)
  A death drake (D)
  A sea snake (D)
  2 spriggan druids (D)
  A swamp dragon (D)
  A flayed ghost (D)
  2 wizards (D)
  A hill giant (D)
  A lindwurm (D)
  2 griffons (D)
  12 orc knights (D)
  A hornet (D)
  A manticore (D)
  2 sirens (D)
  A guardian serpent (D)
  3 rust devils (D)
  An efreet (D)
  A kobold demonologist (D)
  A spiny frog (D)
  A fire drake (D)
  4 yaktaurs (D)
  A demonic crawler (D)
  A red devil (D)
  A komodo dragon (D)
  3 merfolk (D)
  A troll (D)
  A giant leech (D)
  A polar bear (D)
  A two-headed ogre (D)
  A freezing wraith (D)
  4 blink frogs (D)
  A spriggan (D)
  A snapping turtle (D)
  An air elemental (D)
  A wraith (D)
  2 flying skulls (D)
  5 redbacks (D)
  A water elemental (D)
  A tarantella (D)
  A small abomination (D)
  A vampire (D)
  A steam dragon (D)
  A hungry ghost (D)
  A fire elemental (D)
  6 wolves (D)
  Edmund (D)
  A mottled dragon (D)
  5 hell hounds (D)
  An eye of draining (D)
  An orc warrior (D)
  2 ice beasts (D)
  A necrophage (D)
  A wasp (D)
  2 crocodiles (D)
  2 big kobolds (D)
  A gnoll sergeant (D)
  A scorpion (D)
  2 jellies (D)
  2 orc priests (D)
  An iguana (D)
  A worker ant (D)
  10 sheep (D)
  6 gnolls (D)
  An adder (D)
  2 oozes (D)
  2 ufetubi (D)
  An adder zombie (D)
  A worm (D)
  An adder simulacrum (D)
  5 orcs (D)
  A ball python (D)
  A bat skeleton (D)
  A giant cockroach (D)
  A hobgoblin (D)
  4 jackals (D)
  A quokka (D)
  A bat (D)
  A giant gecko zombie (D)
  A goblin (D)
  A jackal zombie (D)
  3 kobolds (D)
  A rat (D)
186 creatures vanquished.

Vanquished Creatures (others)
  A blink frog (D)
  A wolf (D)
  An orc warrior (D)
3 creatures vanquished.

Grand Total: 189 creatures vanquished

Notes
Turn   | Place    | Note
--------------------------------------------------------------
     0 | D        | Kidiri the Minotaur Fighter began the quest for the Orb.
     0 | D        | Reached XP level 1. HP: 19/19 MP: 0/0
    34 | D        | Reached skill level 4 in Fighting
    34 | D        | Reached skill level 1 in Dodging
    34 | D        | Reached XP level 2. HP: 16/27 MP: 1/1
   188 | D        | Found a sacrificial altar of Ru.
   188 | D        | Found a basalt altar of Yredelemnul.
   188 | D        | Found a shadowy altar of Dithmenos.
   188 | D        | Found a deep blue altar of Sif Muna.
   188 | D        | Found a burning altar of Makhleb.
   188 | D        | Found a shimmering altar of Xom.
   188 | D        | Found an ancient bone altar of Kikubaaqudgha.
   188 | D        | Found a sparkling altar of Nemelex Xobeh.
   189 | D        | Found a glowing golden altar of the Shining One.
   189 | D        | Found a bloodstained altar of Trog.
   189 | D        | Found a shattered altar of Ashenzari.
   189 | D        | Found a white marble altar of Elyvilon.
   189 | D        | Found a snail-covered altar of Cheibriados.
   189 | D        | Found a blossoming altar of Fedhas.
   189 | D        | Found a radiant altar of Vehumet.
   189 | D        | Found a glowing silver altar of Zin.
   189 | D        | Found a corrupted altar of Lugonu.
   189 | D        | Found a viscous altar of Jiyva.
   189 | D        | Found a roughly hewn altar of Beogh.
   189 | D        | Found an iron altar of Okawaru.
   195 | D        | Found a stormy altar of Qazlal.
   196 | D        | Found an opulent altar of Gozag.
   198 | D        | Became a worshipper of Warmaster Okawaru
   356 | D        | Reached skill level 5 in Armour
   357 | D        | Reached skill level 5 in Shields
   464 | D        | Noticed a hungry ghost
   464 | D        | Noticed a jelly
   489 | D        | Killed a hungry ghost
   489 | D        | Acquired Okawaru's first power
   489 | D        | Reached skill level 5 in Fighting
   489 | D        | Reached skill level 6 in Maces & Flails
   489 | D        | Reached skill level 7 in Armour
   489 | D        | Reached XP level 3. HP: 24/36 MP: 1/3
   489 | D        | Reached XP level 4. HP: 28/42 MP: 1/4
   489 | D        | Reached XP level 5. HP: 32/48 MP: 1/5
   496 | D        | Killed a jelly
   662 | D        | Noticed Edmund
   672 | D        | Killed Edmund
   672 | D        | Reached skill level 8 in Armour
   672 | D        | Reached XP level 6. HP: 50/57 MP: 5/7
   691 | D        | Noticed an ice beast
   701 | D        | Killed an ice beast
   701 | D        | Reached skill level 9 in Shields
   819 | D        | Noticed a hill giant
   826 | D        | Killed a hill giant
   826 | D        | Reached skill level 10 in Maces & Flails
   826 | D        | Reached skill level 10 in Armour
   826 | D        | Reached skill level 10 in Shields
   826 | D        | Reached skill level 5 in Invocations
   826 | D        | Reached XP level 7. HP: 40/67 MP: 6/9
   952 | D        | Noticed a jelly
   952 | D        | Noticed an orc priest
   957 | D        | Killed an orc priest
   960 | D        | Killed a jelly
   999 | D        | Noticed a gnoll sergeant
   999 | D        | Noticed a spriggan druid
   999 | D        | Noticed a spiny frog
  1015 | D        | Killed a spiny frog
  1015 | D        | Reached XP level 8. HP: 53/74 MP: 8/11
  1040 | D        | Killed a spriggan druid
  1040 | D        | Reached skill level 11 in Maces & Flails
  1055 | D        | Killed a gnoll sergeant
  1317 | D        | Noticed an iguana
  1319 | D        | Killed an iguana
  1321 | D        | Noticed a crocodile
  1322 | D        | Noticed a wolf
  1325 | D        | Killed a crocodile
  1327 | D        | Noticed a death drake
  1330 | D        | Noticed a polar bear
  1330 | D        | Killed a wolf
  1345 | D        | Reached XP level 9. HP: 47/82 MP: 9/12
  1358 | D        | Killed a polar bear
  1358 | D        | Reached skill level 12 in Armour
  1374 | D        | Killed a death drake
  1407 | D        | Noticed a snapping turtle
  1411 | D        | Noticed an alligator
  1442 | D        | Killed an alligator
  1442 | D        | Reached skill level 13 in Armour
  1451 | D        | Killed a snapping turtle
  1738 | D        | Noticed an ice beast
  1742 | D        | Killed an ice beast
  1752 | D        | Noticed a wraith
  1755 | D        | Killed a wraith
  1907 | D        | Noticed a flying skull
  1909 | D        | Killed a flying skull
  1909 | D        | Reached skill level 10 in Fighting
  1909 | D        | Reached XP level 10. HP: 93/93 MP: 11/14
  1917 | D        | Noticed a necrophage
  1917 | D        | Noticed a griffon
  1923 | D        | Killed a griffon
  1923 | D        | Acquired Okawaru's second power
  1925 | D        | Killed a necrophage
  1978 | D        | Noticed a komodo dragon
  1982 | D        | Killed a komodo dragon
  1988 | D        | Noticed a worker ant
  1988 | D        | Noticed a flying skull
  1991 | D        | Killed a flying skull
  1992 | D        | Killed a worker ant
  2018 | D        | Noticed a wolf
  2018 | D        | Noticed an orc knight
  2019 | D        | Noticed an orc warrior
  2019 | D        | Noticed a steam dragon
  2021 | D        | Killed a wolf
  2025 | D        | Noticed an orc warrior
  2034 | D        | Killed an orc knight
  2034 | D        | Reached skill level 14 in Armour
  2037 | D        | Noticed a crocodile
  2037 | D        | Noticed a fire elemental
  2037 | D        | Noticed a blink frog
  2037 | D        | Noticed a blink frog
  2037 | D        | Noticed a blink frog
  2037 | D        | Noticed a blink frog
  2037 | D        | Noticed a blink frog
  2037 | D        | Noticed a griffon
  2045 | D        | Killed a blink frog
  2048 | D        | Killed an orc warrior
  2050 | D        | Killed a steam dragon
  2050 | D        | Received a gift from Okawaru
  2064 | D        | Killed a griffon
  2068 | D        | Killed a crocodile
  2073 | D        | Killed an orc warrior
  2083 | D        | Identified a +0 pair of boots of running (Okawaru gifted it to you in the Dungeon)
  2084 | D        | Noticed a troll
  2090 | D        | Killed a troll
  2096 | D        | Killed a fire elemental
  2098 | D        | Noticed Harold
  2107 | D        | Noticed a two-headed ogre
  2109 | D        | Killed Harold
  2111 | D        | Killed a two-headed ogre
  2117 | D        | Killed a blink frog
  2122 | D        | Killed a blink frog
  2122 | D        | Reached skill level 15 in Armour
  2124 | D        | Noticed a vampire mage
  2128 | D        | Killed a blink frog
  2128 | D        | Reached skill level 15 in Shields
  2134 | D        | Killed a blink frog
  2134 | D        | Reached XP level 11. HP: 20/102 MP: 16/16
  2583 | D        | Noticed a wolf
  2583 | D        | Noticed a hornet
  2584 | D        | Noticed a demonic crawler
  2584 | D        | Noticed a tarantella
  2584 | D        | Noticed a wolf
  2584 | D        | Noticed a wolf
  2585 | D        | Noticed a wolf
  2586 | D        | Noticed an efreet
  2594 | D        | Killed a hornet
  2594 | D        | Reached skill level 10 in Dodging
  2595 | D        | Killed a wolf
  2595 | D        | Reached skill level 15 in Maces & Flails
  2597 | D        | Killed a wolf
  2607 | D        | Killed a demonic crawler
  2610 | D        | Killed a wolf
  2612 | D        | Killed a wolf
  2614 | D        | Noticed a phantasmal warrior
  2622 | D        | Killed a vampire mage
  2626 | D        | Killed a tarantella
  2631 | D        | Killed an efreet
  2639 | D        | Killed a shadow wraith
  2654 | D        | Noticed a catoblepas
  2654 | D        | Noticed a mottled dragon
  2655 | D        | Noticed a wolf
  2664 | D        | Killed a mottled dragon
  2671 | D        | Killed a catoblepas
  2671 | D        | Reached skill level 16 in Armour
  2682 | D        | Killed a wolf
  3075 | D        | Noticed a wasp
  3083 | D        | Killed a wasp
  3118 | D        | Noticed a manticore
  3118 | D        | Noticed a fire crab
  3118 | D        | Noticed a spriggan
  3121 | D        | Killed a spriggan
  3126 | D        | Killed a fire crab
  3129 | D        | Killed a manticore
  3188 | D        | Noticed a guardian serpent
  3194 | D        | Killed a guardian serpent
  3198 | D        | Gained mutation: Your skin changes colour to match your surroundings (Stealth). [mutagenic meat]
  3199 | D        | Gained mutation: You have large cloven feet. [mutagenic meat]
  3200 | D        | Gained mutation: You are clumsy. (Dex -2) [mutagenic meat]
  3201 | D        | Gained mutation: You are somewhat resistant to further mutation. [mutagenic meat]
  3214 | D        | Noticed a redback
  3215 | D        | Noticed a redback
  3215 | D        | Noticed a redback
  3217 | D        | Noticed a big kobold
  3219 | D        | Killed a redback
  3221 | D        | Killed a redback
  3221 | D        | Received a gift from Okawaru
  3225 | D        | Killed a redback
  3225 | D        | Reached skill level 10 in Invocations
  3226 | D        | Noticed a redback
  3226 | D        | Noticed a kobold demonologist
  3227 | D        | Noticed a redback
  3233 | D        | Killed a big kobold
  3235 | D        | Killed a redback
  3236 | D        | Killed a redback
  3237 | D        | Noticed a big kobold
  3240 | D        | Killed a kobold demonologist
  3248 | D        | Killed a big kobold
  3381 | D        | Noticed a flayed ghost
  3393 | D        | Killed a flayed ghost
  3395 | D        | Noticed a rust devil
  3407 | D        | Killed a rust devil
  3655 | D        | Noticed a sea snake
  3655 | D        | Noticed a hell hound
  3655 | D        | Noticed a blizzard demon
  3655 | D        | Noticed a water elemental
  3655 | D        | Noticed a hell hog
  3656 | D        | Noticed a vampire
  3656 | D        | Noticed a profane servitor
  3656 | D        | Noticed a hell hog
  3657 | D        | Noticed a hell hound
  3659 | D        | Killed a hell hound
  3661 | D        | Noticed a fire crab
  3664 | D        | Noticed a hell hound
  3667 | D        | Killed a sea snake
  3667 | D        | Reached XP level 12. HP: 113/113 MP: 11/18
  3673 | D        | Killed a hell hound
  3674 | D        | Noticed a lindwurm
  3685 | D        | Noticed a giant leech
  3715 | D        | Killed a profane servitor
  3715 | D        | Received a gift from Okawaru
  3715 | D        | Reached skill level 17 in Maces & Flails
  3716 | D        | Got an iridescent hunting sling {god gift}
  3717 | D        | Noticed a hell hound
  3717 | D        | Killed a hell hound
  3722 | D        | Killed a fire crab
  3723 | D        | Noticed a hell hound
  3723 | D        | Noticed an orc priest
  3725 | D        | Killed an orc priest
  3730 | D        | Killed a lindwurm
  3734 | D        | Killed a hell hound
  3736 | D        | Noticed a rust devil
  3739 | D        | Killed a hell hound
  3744 | D        | Noticed a mace of holy wrath
  3746 | D        | Killed a rust devil
  3754 | D        | Killed a blizzard demon
  3757 | D        | Killed a mace of holy wrath
  3769 | D        | Killed a giant leech
  3769 | D        | Reached skill level 18 in Armour
  3778 | D        | Killed a hell hog
  3779 | D        | Noticed a greater naga
  3784 | D        | Killed a water elemental
  3788 | D        | Noticed a spriggan druid
  3799 | D        | Killed a greater naga
  3807 | D        | Killed a vampire
  3811 | D        | Killed a hell hog
  3816 | D        | Noticed a hell hog
  3816 | D        | Killed a spriggan druid
  3817 | D        | Noticed a scorpion
  3821 | D        | Killed a hell hog
  3822 | D        | Noticed a yellow draconian
  3822 | D        | Noticed a freezing wraith
  3826 | D        | Killed a freezing wraith
  3829 | D        | Killed a scorpion
  3840 | D        | Killed a yellow draconian
  3840 | D        | Received a gift from Okawaru
  3846 | D        | Noticed a merfolk
  3847 | D        | Noticed a merfolk
  3848 | D        | Noticed a merfolk javelineer
  3848 | D        | Noticed a merfolk
  3858 | D        | Killed a merfolk
  3858 | D        | Reached XP level 13. HP: 62/124 MP: 20/20
  3863 | D        | Killed a merfolk
  3869 | D        | Killed a merfolk
  3870 | D        | Noticed a fire drake
  3876 | D        | Killed a fire drake
  3883 | D        | Killed a merfolk javelineer
  3910 | D        | Got a pair of brightly glowing gloves {god gift}
  3921 | D        | Identified the +1 pair of gloves of the Demon Prince {Dex+5} (Okawaru gifted it to you in the Dungeon)
  3922 | D        | Got the ring "Ronioh" {Str+4 Stlth+}
  4184 | D        | Noticed a swamp dragon
  4184 | D        | Noticed a rust devil
  4184 | D        | Noticed a spriggan defender
  4184 | D        | Noticed a sphinx
  4184 | D        | Noticed an apis
  4184 | D        | Noticed a wizard
  4188 | D        | Killed a rust devil
  4188 | D        | Reached skill level 19 in Shields
  4194 | D        | Killed a sphinx
  4201 | D        | Killed a spriggan defender
  4207 | D        | Killed a swamp dragon
  4216 | D        | Killed an apis
  4217 | D        | Killed a wizard
  4346 | D        | Noticed an air elemental
  4346 | D        | Noticed an orc knight
  4346 | D        | Noticed an orc knight
  4346 | D        | Noticed an orc knight
  4346 | D        | Noticed an orc knight
  4347 | D        | Noticed a siren
  4347 | D        | Noticed an orc knight
  4347 | D        | Noticed an orc warlord
  4353 | D        | Killed an air elemental
  4365 | D        | Killed an orc knight
  4366 | D        | Noticed an orc knight
  4366 | D        | Noticed an orc warlord
  4367 | D        | Noticed a merfolk impaler
  4367 | D        | Noticed an orc knight
  4368 | D        | Killed a siren
  4369 | D        | Noticed Ilsuiw
  4369 | D        | Noticed a siren
  4388 | D        | Killed an orc warlord
  4399 | D        | Killed an orc knight
  4410 | D        | Killed an orc knight
  4410 | D        | Received a gift from Okawaru
  4419 | D        | Killed an orc warlord
  4424 | D        | Killed a merfolk impaler
  4424 | D        | Reached skill level 15 in Fighting
  4424 | D        | Reached skill level 20 in Armour
  4437 | D        | Killed a siren
  4446 | D        | Killed an orc knight
  4450 | D        | Killed an orc knight
  4458 | D        | Killed an orc knight
  4482 | D        | Killed an orc knight
  4500 | D        | Killed Ilsuiw
  4534 | D        | Noticed an orc knight
  4548 | D        | Killed an orc knight
  4711 | D        | Noticed a yaktaur
  4711 | D        | Noticed a yaktaur
  4712 | D        | Noticed a naga warrior
  4713 | D        | Noticed a yaktaur
  4716 | D        | Noticed a yaktaur captain
  4724 | D        | Killed a naga warrior
  4725 | D        | Noticed a yaktaur
  4731 | D        | Killed a yaktaur
  4734 | D        | Killed a yaktaur
  4739 | D        | Killed a yaktaur
  4742 | D        | Killed a yaktaur
  4746 | D        | Killed a yaktaur captain
  4753 | D        | Noticed a naga warrior
  4753 | D        | Noticed an orc knight
  4754 | D        | Noticed a red devil
  4754 | D        | Noticed an orc knight
  4754 | D        | Noticed a titan
  4762 | D        | Killed an orc knight
  4767 | D        | Killed an orc knight
  4782 | D        | Killed a titan
  4782 | D        | Received a gift from Okawaru
  4782 | D        | Reached XP level 14. HP: 117/136 MP: 19/22
  4788 | D        | Killed a naga warrior
  4792 | D        | Killed a red devil
  4885 | D        | Noticed an orc knight
  4888 | D        | Noticed a vault guard
  4896 | D        | Noticed a deep elf knight
  4897 | D        | Noticed a small abomination
  4898 | D        | Noticed a deep elf knight
  4898 | D        | Killed an orc knight
  4898 | D        | Reached skill level 21 in Armour
  4899 | D        | Noticed a deep elf knight
  4899 | D        | Noticed a dire elephant
  4906 | D        | Killed a vault guard
  4907 | D        | Killed a small abomination
  4918 | D        | Killed a dire elephant
  4921 | D        | Killed a deep elf knight
  4924 | D        | Killed a deep elf knight
  4928 | D        | Killed a deep elf knight
  5120 | D        | Noticed an eye of draining
  5120 | D        | Noticed a spriggan defender
  5121 | D        | Noticed a deep elf high priest
  5121 | D        | Noticed a deep elf demonologist
  5121 | D        | Noticed a wizard
  5122 | D        | Noticed a deep elf high priest
  5122 | D        | Noticed a deep elf sorcerer
  5123 | D        | Noticed a greater naga
  5129 | D        | Killed a spriggan defender
  5131 | D        | Noticed a yellow draconian
  5135 | D        | Killed an eye of draining
  5160 | D        | Killed a deep elf sorcerer
  5161 | D        | Noticed a Shadow Fiend
  5162 | D        | Killed a wizard
  5172 | D        | Killed a deep elf demonologist
  5172 | D        | Received a gift from Okawaru
  5217 | D        | Killed a deep elf high priest
  5218 | D        | HP: 3/138 [acid (10)]
  5218 | D        | Killed from afar by a deep elf high priest

Vault maps used:
D:        pitsprint

Action                   |  1- 3 |  4- 6 |  7- 9 | 10-12 | 13-15 || total
-------------------------+-------+-------+-------+-------+-------++-------
Melee: Flail             |     3 |       |       |       |     6 ||     9
       Mace              |    37 |    38 |    58 |       |       ||   133
       Morningstar       |       |       |    62 |   195 |       ||   257
       Demon whip        |       |       |       |   203 |   329 ||   532
Invok: Heroism           |       |     2 |     7 |     7 |     5 ||    21
       Finesse           |       |       |       |     6 |     5 ||    11
  Use: Potion            |       |       |     7 |     4 |     2 ||    13
       Scroll            |       |       |     1 |       |     1 ||     2
 Stab: Petrified         |       |       |       |     2 |       ||     2
  Eat: Chunk             |     1 |     3 |     2 |     7 |     5 ||    18
       Bread ration      |       |       |     1 |     1 |     1 ||     3
